AoeStats
← Spaceman Spiff

Arabia

510240853Analyzed
2v2 RM · 2d ago on Sep 30, 2026· 124m 21s· 4 players
Game mode
Random Map
Map size
Medium (4 player)
Population
200
Speed
Normal
Resources
Standard
Victory
Conquest
Starting age
Dark Age
Ending age
Imperial Age
RankedLock teamsTeams togetherTeam positionsShared explorationLock speedFull tech treeHidden civsTurbo modeCheats
Victory
Defeat
🇨🇱 Mongols · Chile
1048
+14
🇨🇱 Gurjaras · Chile
1015
+15
🇺🇸 Italians · United States
1014
-15
🇵🇪 Ethiopians · Peru
979
-14
Spaceman Spiff
2:37 Loom
9:49 Feudal Age
18:53 Castle Age
17:03 Double-Bit Axe
17:03 Horse Collar
18:31 Gold Mining
18:36 Stone Mining
19:01 Bloodlines
20:53 Town Watch
23:21 Pikeman
26:01 Wheelbarrow
26:16 Fletching
27:16 Squires
27:03 Arson
28:12 Bow Saw
29:59 Bodkin Arrow
30:05 Padded Archer Armor
30:15 Elite Skirmisher
32:01 Leather Archer Armor
31:53 Scale Mail Armor
32:04 Forging
32:27 Ballistics
32:05 Murder Holes
35:51 Imperial Age
34:28 Chain Mail Armor
34:08 Light Cavalry
34:49 Husbandry
35:35 Sanctity
35:56 Thumb Ring
36:38 Bracer
37:19 Scale Barding Armor
37:50 Iron Casting
37:31 Heavy Plow
37:54 Hand Cart
39:20 Ring Archer Armor
40:38 Blast Furnace
41:33 Chemistry
41:47 Hussar
43:52 Chain Barding Armor
43:25 Elite Genoese Crossbowman
45:33 Conscription
54:53 Caravan
55:34 Bombard Tower
56:45 Cavalier
63:28 Plate Mail Armor
69:17 Plate Barding Armor
Ramírez0511
10:14 Feudal Age
11:45 Wheelbarrow
10:58 Double-Bit Axe
11:02 Loom
23:13 Castle Age
22:28 Gold Mining
22:23 Horse Collar
22:40 Stone Mining
23:50 Crossbowman
27:09 Fletching
27:22 Padded Archer Armor
28:25 Hand Cart
33:58 Ballistics
36:44 Imperial Age
34:53 Bodkin Arrow
35:55 Town Watch
36:11 Bodkin Arrow
36:32 Leather Archer Armor
37:17 Masonry
37:28 Ballistics
38:48 Chemistry
37:53 Bracer
38:24 Ring Archer Armor
39:39 Town Patrol
41:02 Arbalester
41:48 Thumb Ring
43:48 Architecture
43:23 Siege Engineers
44:36 Torsion Engines
47:53 Scale Mail Armor
48:03 Forging
47:17 Elite Shotel Warrior
48:18 Conscription
49:45 Squires
49:07 Halberdier
50:24 Royal Heirs
58:45 Chain Mail Armor
59:05 Iron Casting
83:27 Caravan
84:28 Plate Mail Armor
84:59 Blast Furnace
83:47 Arson
100:52 Elite Skirmisher
100:58 Elite Skirmisher
RAGNAR LODBROCK133
0:27 Loom
10:50 Feudal Age
11:16 Double-Bit Axe
20:57 Castle Age
19:11 Horse Collar
19:30 Gold Mining
20:33 Stone Mining
20:53 Fletching
22:53 Bow Saw
22:13 Crossbowman
22:59 Thumb Ring
24:56 Gold Shaft Mining
24:20 Bodkin Arrow
24:26 Padded Archer Armor
26:38 Town Watch
27:29 Wheelbarrow
33:42 Imperial Age
31:48 Arson
32:46 Ballistics
33:33 Leather Archer Armor
33:30 Forging
32:48 Elite Skirmisher
34:25 Hand Cart
35:24 Conscription
37:03 Chemistry
37:15 Town Patrol
45:29 Bracer
48:01 Scale Barding Armor
48:32 Iron Casting
47:50 Treadmill Crane
48:01 Heated Shot
48:24 Bloodlines
48:49 Husbandry
48:13 Light Cavalry
49:13 Hussar
50:17 Chain Barding Armor
53:08 Plate Barding Armor
53:34 Stone Shaft Mining
52:51 Heavy Camel Rider
54:42 Scale Mail Armor
57:09 Heavy Plow
61:01 Chain Mail Armor
62:14 Heavy Scorpion
Shalvi!< 133
5:41 Loom
7:56 Feudal Age
11:13 Double-Bit Axe
14:12 Bloodlines
22:30 Castle Age
21:25 Fletching
21:42 Padded Archer Armor
21:31 Horse Collar
22:40 Elite Skirmisher
27:08 Wheelbarrow
26:46 Bow Saw
26:41 Bodkin Arrow
28:03 Forging
33:12 Imperial Age
30:28 Town Watch
30:47 Heavy Plow
32:06 Husbandry
33:10 Stone Mining
35:37 Hand Cart
37:52 Chemistry
37:12 Ballistics
36:56 Light Cavalry
38:40 Padded Archer Armor
39:31 Conscription
40:37 Drill
39:43 Heavy Camel Rider
41:19 Scale Barding Armor
46:04 Leather Archer Armor
47:17 Iron Casting
48:59 Chain Barding Armor
49:06 Light Cavalry
51:43 Bracer
52:05 Hussar
66:52 Capped Ram
122:54 Town Patrol
Connection lost

Rejoining the realm…

Still unreachable

The connection could not be restored.

Session expired

The server has moved on; the page needs a fresh start.